 Dungeon Crawl Stone Soup version 0.27-a0-1299-g1ab19c6527 (webtiles) character file.

Game seed: 4581586561416216506

56 bilbop the Skirmisher (level 3, -2/33 HPs)
             Began as a Hill Orc Fighter on June 16, 2021.
             Slain by a goblin (4 damage)
             ... led by Robin
             ... on level 2 of the Dungeon on June 17, 2021.
             The game lasted 00:03:32 (1154 turns).

bilbop the Skirmisher (Hill Orc Fighter)            Turns: 1154, Time: 00:03:33

Health: -2/33      AC:  7    Str: 18    XL:     3   Next: 97%
Magic:  3/3        EV:  7    Int:  8    God:
Gold:   74         SH:  9    Dex: 11    Spells: 2/2 levels left

rFire    . . .     SeeInvis .   a - +0 war axe
rCold    . . .     Faith    .   c - +0 kite shield
rNeg     . . .     Spirit   .   j - +0 scale mail
rPois    .         Reflect  .   (no helmet)
rElec    .         Harm     .   (no cloak)
rCorr    .         Rampage  .   (no gloves)
Will     .....                  (no boots)
Stlth    ..........             (no amulet)
HPRegen  0.11/turn              (no ring)
MPRegen  0.08/turn              (no ring)

@: no status effects
A: no striking features
a: no special abilities


You were on level 2 of the Dungeon.
You visited 1 branch of the dungeon, and saw 2 of its levels.

You collected 74 gold pieces.

Inventory:

Hand Weapons
 a - a +0 war axe (weapon)
 b - a +0 hunting sling
Armour
 c - a +0 kite shield (worn)
 j - a +0 scale mail (worn)
Scrolls
 e - 2 scrolls of identify {unknown}
 f - 3 scrolls of silence {unknown}
 h - a scroll of acquirement {unknown}
 k - a scroll of magic mapping {unknown}
 l - a scroll of enchant weapon {unknown}
Potions
 d - a potion of might
 g - a potion of degeneration {unknown}
 i - 2 potions of curing {unknown}


   Skills:
 + Level 4.2 Fighting
 + Level 3.6 Axes
 + Level 3.8 Armour
 + Level 3.8 Shields


You had 2 spell levels left.
You didn't know any spells.
Your spell library was empty.

Dungeon Overview and Level Annotations

Branches:
Dungeon (2/15)

Altars:


Message History

Robin roars a battlecry!
The goblins go into a battle-frenzy!
The goblin barely misses you.
You hear a shout!
You closely miss Robin. You hit the goblin.
You kill the goblin!
You barely miss the goblin.
A goblin comes into view. It is wielding a +0 dagger.
The ball python barely misses you. You block the ball python's attack.
The goblin hits you with a +0 dagger. You block Robin's attack.
You hit Robin.
Robin is moderately wounded.
You hit the goblin.
You kill the goblin!
You hit the ball python.
You kill the ball python!
You block Robin's attack. The goblin hits you but does no damage.
Robin barely misses you.
You closely miss Robin.
Robin is moderately wounded.
You hit the goblin. The goblin hits you but does no damage.
Robin throws the goblin at you! The goblin hits you with a +0 dagger.
* * * LOW HITPOINT WARNING * * *
You block the goblin's attack.
You slash Robin!
You kill Robin!
You barely miss the goblin. x2; The goblin hits you with a +0 dagger.
* * * LOW HITPOINT WARNING * * *
The goblin hits you but does no damage.
Found a yellow potion.
Items here: ! )) [[ ††.
You closely miss the goblin.
The goblin is moderately wounded.
You closely miss the goblin. The goblin hits you but does no damage.
The goblin closely misses you. The goblin hits you with a +0 dagger.
* * * LOW HITPOINT WARNING * * *
The goblin closely misses you.
You closely miss the goblin. You barely miss the goblin.
The goblin hits you but does no damage. The goblin hits you with a +0 club.
You die...

#.###.#..†.......#
..# #.##########.#
#####.# ## #.#
.)..#.. .. #.#
.##.###
####.##.########
.##
...........g....
..#
####.##)#######.
.....#
#...†gg)......
..#.##
#..##@#####.#.
......
....!..........
#......
..............#
.....##
.#......#......
.....#
...............
......
...............
#........ .....
...#######....#


You could see 2 goblins.

Vanquished Creatures
  Robin (D:2)
  An adder (D:2)
  2 dart slugs (D:1)
  4 endoplasms
  10 goblins
  3 hobgoblins
  2 jackals (D:2)
  2 ball pythons
  A frilled lizard (D:1)
  A kobold (D:1)
  3 rats
30 creatures vanquished.

Notes
Turn   | Place    | Note
-------+----------+-------------------------------------------
     0 | D:1      | bilbop the Hill Orc Fighter began the quest for the Orb.
     0 | D:1      | Reached XP level 1. HP: 19/19 MP: 1/1
   289 | D:1      | Reached XP level 2. HP: 27/27 MP: 2/2
   447 | D:1      | Found a faded altar of an unknown god.
   753 | D:2      | Reached skill level 4 in Fighting
   753 | D:2      | Reached XP level 3. HP: 9/33 MP: 3/3
  1133 | D:2      | Noticed Robin
  1151 | D:2      | Killed Robin
  1154 | D:2      | Slain by a goblin

Illustrated notes

Levels and vault maps discovered:
D:1:      dpeg_arrival_shelter, layout_basic,
          dilly_ecumenical_altar_fadedgnrine, minmay_misc_feat_chi
D:2:      layout_basic, minmay_indecisive_spiral, uniq_sigmund, uniq_robin,
          uniq_crazy_yiuf_cottage

Skill      XL: |  1  2 |
---------------+-------+-----
Axes           | 3 |  3.6
Fighting       | 4 |  4.2
Armour         | |  3.8
Shields        | |  3.8

Action                   || total
-------------------------++-------
Melee: War axe           ||    65
Armor: Scale mail        ||    37
Dodge: Dodged            ||    35
Block: Kite shield       ||    41

Table legend: (Time is in decaauts)
 A = Elapsed time spent in this place.
 B = Non-inter-level travel time spent in this place.
 C = Inter-level travel time spent in this place.
 D = Time resting spent in this place.
 E = Time spent auto-exploring this place.
 F = Levels seen in this place.
 G = Mean time per level.
                   A        B        C        D        E       F      G
               +--------+--------+--------+--------+--------+-----+--------+
         Total |   1190 |   1181 |      9 |    314 |    717 |   2 |  595.0 |
       Dungeon |   1190 |   1181 |      9 |    314 |    717 |   2 |  595.0 |
               +--------+--------+--------+--------+--------+-----+--------+

Top non-repeatable levels by time:
     D:1: 758 daAuts
     D:2: 432 daAuts
